[Event "Titled Tuesday Blitz August 1 Early 2023"]
[White "Lopez Gracia, Fernando"]
[Black "Arcos Facio, Mateo"]
[WhiteFideId "2207184"]
[BlackFideId "3001199"]
[WhiteElo "2340"]
[BlackElo "2206"]
[Result "1-0"]
[Round "9"]
[TimeControl "180+1"]
[Date "2023.08.01"]
[WhiteClock "0:00:44"]
[BlackClock "0:00:00"]
[Board "166"]

1. e4 e5 2. Nf3 Nc6 3. d4 exd4 4. Nxd4 Bc5 5. Be3 Qf6 6. c3 Qg6 7. Nd2 Nge7 8. g3 Ne5 9. f4 Ng4 10. Bg1 h5 11. h3 Nh6 12. Bf2 d5 13. Bg2 dxe4 14. Nxe4 Bb6 15. O-O O-O 16. Kh2 h4 17. g4 Bxg4 18. hxg4 Nxg4+ 19. Kh3 Nxf2+ 20. Rxf2 Bxd4 21. cxd4 Rad8 22. Qg4 Qxg4+ 23. Kxg4 f5+ 24. Kf3 fxe4+ 25. Kxe4 Nf5 26. Rd1 g6 27. Bh3 Rfe8+ 28. Kf3 Rxd4 29. Rxd4 Nxd4+ 30. Kg4 Nf5 31. Kg5 Kf7 32. Rd2 Re7 33. Bxf5 gxf5 34. Kxf5 h3 35. Rh2 Re3 36. Kg4 Kf6 37. Rxh3 Rxh3 38. Kxh3 Kf5 39. Kg3 c5 40. a4 b6 41. Kf3 a6 42. Ke3 b5 43. a5 c4 44. Kf3 b4 45. Ke3 c3 46. bxc3 bxc3 47. Kd3 1-0


[Site "https://www.chess.com"]

[Event "Titled Tuesday Blitz August 1 Early 2023"]
[White "Hrescak, Ivana"]
[Black "Elissalt Cardenas, Hector"]
[WhiteFideId "14613441"]
[BlackFideId "3500632"]
[WhiteElo "2208"]
[BlackElo "2323"]
[Result "0-1"]
[Round "9"]
[TimeControl "180+1"]
[Date "2023.08.01"]
[WhiteClock "0:00:00"]
[BlackClock "0:00:27"]
[Board "167"]

1. e4 d6 2. d4 Nf6 3. Nc3 e5 4. Nf3 Nbd7 5. Rg1 h5 6. h3 Be7 7. g4 hxg4 8. hxg4 g6 9. g5 Nh5 10. Be3 c6 11. Qd2 Qc7 12. O-O-O a5 13. a4 Rh7 14. Bc4 Nf8 15. Ba2 Ne6 16. d5 Nef4 17. dxc6 bxc6 18. Ne2 Nxe2+ 19. Qxe2 Rb8 20. Bb3 Qb7 21. Bd2 Be6 22. Qd3 Bxb3 23. cxb3 Qxb3 24. Qxb3 Rxb3 25. Ne1 Nf4 26. Bxa5 Ne2+ 27. Kc2 Rhh3 28. Rf1 Nd4+ 29. Kb1 Bxg5 0-1


[Site "https://www.chess.com"]

[Event "Titled Tuesday Blitz August 1 Early 2023"]
[White "Tagliata"]
[Black "Goswami, Vedant"]
[BlackFideId "5003725"]
[WhiteElo "2200"]
[BlackElo "2317"]
[Result "1-0"]
[Round "9"]
[TimeControl "180+1"]
[Date "2023.08.01"]
[WhiteClock "0:00:19"]
[BlackClock "0:00:00"]
[Board "168"]

1. e4 e5 2. Nf3 Nc6 3. Bb5 a6 4. Ba4 Nf6 5. O-O b5 6. Bb3 Be7 7. Re1 O-O 8. a4 Rb8 9. c3 d6 10. d4 Bg4 11. Nbd2 Nd7 12. a5 Bf6 13. d5 Ne7 14. h3 Bh5 15. Nf1 Nc5 16. Bc2 b4 17. c4 b3 18. Bb1 c6 19. Ng3 Bg6 20. Ra3 cxd5 21. cxd5 Rb5 22. Bd2 Qb8 23. Bc3 Rc8 24. Nd2 Bg5 25. Qe2 h6 26. Nc4 Rd8 27. Nb6 Nc8 28. Nxc8 Rxc8 29. Nf1 Nd7 30. Bd3 Nc5 31. Bxb5 axb5 32. Bd2 Nxe4 33. Bxg5 hxg5 34. Rxb3 b4 35. Ra1 Nc5 36. Rg3 f6 37. Nd2 Qb7 38. Nc4 Rd8 39. Nb6 e4 40. Qb5 Bf7 41. a6 Qa7 42. Nc4 Rb8 43. Qa5 Bxd5 44. Nxd6 Qe7 45. Nb7 Bxb7 46. axb7 Rxb7 47. Qa8+ Kh7 48. h4 gxh4 49. Rh3 g5 50. Qa5 Nd3 51. Qf5+ Kg7 52. Re1 Nf4 53. Rhe3 Qe6 54. Qxe6 Nxe6 55. Rxe4 Nf4 56. Re7+ Rxe7 57. Rxe7+ Kg6 58. Rb7 Nd3 59. b3 Kf5 60. Rb5+ Ke4 61. f3+ Kd4 62. Rf5 Kc3 63. Rxf6 Kxb3 64. Rg6 Kc2 65. Rxg5 b3 66. Rb5 Kc3 67. Kh2 Nb4 68. Rc5+ Kd2 69. Rb5 Kc3 70. Re5 Nd3 71. Re2 1-0


[Site "https://www.chess.com"]

[Event "Titled Tuesday Blitz August 1 Early 2023"]
[White "Alimpic, Aleksa"]
[Black "le-castor-faineant"]
[WhiteFideId "974323"]
[WhiteElo "2309"]
[BlackElo "2190"]
[Result "1-0"]
[Round "9"]
[TimeControl "180+1"]
[Date "2023.08.01"]
[WhiteClock "0:01:05"]
[BlackClock "0:00:06"]
[Board "169"]

1. d4 Nf6 2. Nf3 c5 3. c3 cxd4 4. cxd4 d5 5. Nc3 Nc6 6. Bf4 e6 7. e3 Bd6 8. Bxd6 Qxd6 9. Bd3 O-O 10. O-O e5 11. dxe5 Nxe5 12. Nxe5 Qxe5 13. Be2 Rd8 14. Nb5 Bf5 15. Rc1 a6 16. Qd4 Qe7 17. Nc3 Be4 18. h3 Rac8 19. Na4 Rxc1 20. Rxc1 b5 21. Nc5 Rc8 22. b4 Nd7 23. Nb3 Rxc1+ 24. Nxc1 Ne5 25. f3 Nc6 26. Qb6 Bxf3 27. Bxf3 Qxe3+ 28. Qxe3 1-0


[Site "https://www.chess.com"]

[Event "Titled Tuesday Blitz August 1 Early 2023"]
[White "Fajdetic, Hrvoje"]
[Black "Butti, Enrique"]
[WhiteFideId "14501945"]
[BlackFideId "3700470"]
[WhiteElo "2305"]
[BlackElo "2171"]
[Result "1-0"]
[Round "9"]
[TimeControl "180+1"]
[Date "2023.08.01"]
[WhiteClock "0:00:05"]
[BlackClock "0:01:01"]
[Board "170"]

1. f4 d5 2. b3 c6 3. Bb2 Nf6 4. Nf3 g6 5. e3 Bg7 6. Be2 O-O 7. O-O Nbd7 8. d3 Ng4 9. Bxg7 Kxg7 10. Qd2 Qb6 11. d4 Ngf6 12. Nc3 c5 13. Ne5 cxd4 14. exd4 Rd8 15. Bf3 Nf8 16. Rad1 h5 17. g3 Bf5 18. Na4 Qc7 19. c4 Be4 20. Nc3 e6 21. c5 Bxf3 22. Rxf3 Ne4 23. Qc2 f5 24. Nxe4 dxe4 25. Rc3 Rd5 26. Rc4 Rad8 27. b4 Nd7 28. b5 Nxe5 29. fxe5 Qxe5 30. dxe5 Rxd1+ 31. Qxd1 Rxd1+ 32. Kf2 Rd2+ 33. Ke3 Rd3+ 34. Ke2 Rd7 35. c6 bxc6 36. bxc6 Rc7 37. Ke3 g5 38. Kd4 Kf7 39. Kc5 Ke7 40. Rd4 h4 41. Rd1 hxg3 42. hxg3 e3 43. Rh1 e2 44. Re1 Kf7 45. Rxe2 Kg6 46. Rd2 Kh5 47. Rd7 Rxc6+ 48. Kxc6 Kg4 49. Re7 Kxg3 50. Rxe6 f4 51. Rg6 g4 52. e6 f3 53. e7 f2 54. Rf6 Kg2 55. e8=Q f1=Q 56. Qe4+ 1-0


[Site "https://www.chess.com"]

[Event "Titled Tuesday Blitz August 1 Early 2023"]
[White "Georg, Heinz"]
[Black "BeautiFullMindChess"]
[WhiteFideId "4607295"]
[WhiteElo "2295"]
[BlackElo "2171"]
[Result "0-1"]
[Round "9"]
[TimeControl "180+1"]
[Date "2023.08.01"]
[WhiteClock "0:00:03"]
[BlackClock "0:01:32"]
[Board "171"]

1. e4 c5 2. Nf3 d6 3. Bb5+ Bd7 4. Bxd7+ Qxd7 5. O-O Nc6 6. c3 Nf6 7. Re1 e6 8. d4 cxd4 9. cxd4 d5 10. e5 Ne4 11. Nbd2 Nxd2 12. Bxd2 Be7 13. Rc1 h6 14. a3 O-O 15. h4 Rfc8 16. Qe2 Qd8 17. Qb5 Qb6 18. Qxb6 axb6 19. Rc2 Na5 20. Rec1 Rxc2 21. Rxc2 Nc4 22. Bc1 b5 23. Ne1 Rc8 24. Nd3 Nb6 25. Rxc8+ Nxc8 26. b3 Bxh4 27. Nc5 b6 28. Na6 Be7 29. Nc7 b4 30. a4 Na7 31. Bd2 Nc6 32. Be3 Na5 33. Na8 Bd8 34. Bd2 Nc6 35. Be3 Kf8 0-1


[Site "https://www.chess.com"]

[Event "Titled Tuesday Blitz August 1 Early 2023"]
[White "Amorim, Daniel Madson De Medeiro"]
[Black "LionKing2367890"]
[WhiteFideId "2124912"]
[WhiteElo "2295"]
[BlackElo "2168"]
[Result "0-1"]
[Round "9"]
[TimeControl "180+1"]
[Date "2023.08.01"]
[WhiteClock "0:00:02"]
[BlackClock "0:00:15"]
[Board "172"]

1. d4 Nf6 2. c4 e6 3. Nc3 Bb4 4. a3 Bxc3+ 5. bxc3 c5 6. e4 Nxe4 7. Qg4 Nf6 8. Qxg7 Rg8 9. Qh6 Rg6 10. Qh4 Nc6 11. Bd3 Rg8 12. Bg5 Rxg5 13. Qxg5 cxd4 14. Nf3 dxc3 15. O-O b6 16. Rac1 Bb7 17. c5 bxc5 18. Qxc5 Qb6 19. Qg5 Ke7 20. Rxc3 Nd4 21. Nxd4 Qxd4 22. Qc5+ Qxc5 23. Rxc5 Rg8 24. g3 Bc6 25. Rfc1 h5 26. h4 Rg4 27. Be2 Ra4 28. Bb5 Bxb5 29. Rxb5 Rxa3 30. Rc2 Nd5 31. Kg2 Ra1 32. Re2 Kd6 33. Rbb2 a5 34. Ra2 Rc1 35. Rxa5 Rc4 36. Ra8 Rg4 37. Rh8 Nf4+ 38. Kf3 Nxe2 39. Kxe2 Re4+ 40. Kd3 Re5 41. f4 Rd5+ 42. Ke4 Ke7 43. Rh6 Kf8 44. Rh8+ Kg7 45. Ra8 Rb5 46. Rd8 d5+ 47. Kf3 Rb3+ 48. Kf2 Kg6 49. Rg8+ Kf5 50. Rg5+ Ke4 51. Re5+ Kd3 52. Rxh5 d4 53. f5 e5 54. f6 e4 55. Re5 Rb2+ 56. Kf1 e3 57. Re7 Rf2+ 58. Ke1 Rxf6 59. h5 Ra6 60. Kf1 Ra1+ 61. Kg2 e2 62. Kf2 Rf1+ 63. Kg2 e1=Q 64. Rxe1 Rxe1 65. g4 Re8 66. Kg3 Ke3 67. g5 d3 0-1


[Site "https://www.chess.com"]

[Event "Titled Tuesday Blitz August 1 Early 2023"]
[White "Levine, David"]
[Black "Zaksaite, Salomeja"]
[WhiteFideId "2011611"]
[BlackFideId "12801496"]
[WhiteElo "2112"]
[BlackElo "2292"]
[Result "0-1"]
[Round "9"]
[TimeControl "180+1"]
[Date "2023.08.01"]
[WhiteClock "0:01:05"]
[BlackClock "0:01:26"]
[Board "173"]

1. d4 Nf6 2. c4 g6 3. g3 Bg7 4. Bg2 d6 5. Nf3 O-O 6. O-O Nc6 7. Nc3 e5 8. d5 Nb8 9. e4 a5 10. Ne1 Nbd7 11. Nd3 b6 12. h3 Nc5 13. b3 Nfd7 14. Be3 f5 15. Nxc5 Nxc5 16. Bxc5 bxc5 17. Rc1 Qe8 18. exf5 gxf5 19. f4 Qg6 20. Kh2 exf4 21. Rxf4 Be5 22. Rf3 h5 23. h4 f4 24. Rxf4 Bxf4 25. gxf4 Rxf4 26. Qe1 Bd7 27. Ne2 Rf6 28. Rc3 Re8 29. Rg3 Bg4 30. Bf3 Rxf3 31. Nf4 Rxe1 32. Nxg6 Rxg3 33. Kxg3 Ra1 0-1


[Site "https://www.chess.com"]

[Event "Titled Tuesday Blitz August 1 Early 2023"]
[White "Joshi, Pankaj"]
[Black "Winkels, Marcel"]
[WhiteFideId "5006210"]
[BlackFideId "1003887"]
[WhiteElo "2261"]
[BlackElo "2104"]
[Result "1-0"]
[Round "9"]
[TimeControl "180+1"]
[Date "2023.08.01"]
[WhiteClock "0:01:33"]
[BlackClock "0:00:31"]
[Board "174"]

1. e4 c5 2. Nc3 a6 3. g3 b5 4. Bg2 Bb7 5. d3 e6 6. f4 Nf6 7. Nh3 d5 8. e5 Nfd7 9. O-O Be7 10. f5 Nxe5 11. fxe6 fxe6 12. Qh5+ Ng6 13. Nf4 O-O 14. Nxg6 Rxf1+ 15. Bxf1 hxg6 16. Qxg6 Bf6 17. Bh3 Qe7 18. Bg2 Nd7 19. Bd2 Ne5 20. Qh5 b4 21. Ne2 d4 22. Bf4 Bxg2 23. Bxe5 Bd5 24. Rf1 Rf8 25. Nf4 Bb7 26. Ng6 Qf7 27. Qh8# 1-0


[Site "https://www.chess.com"]

[Event "Titled Tuesday Blitz August 1 Early 2023"]
[White "Gopal, K.N."]
[Black "Zaichenko, Daria"]
[WhiteFideId "5001447"]
[BlackFideId "4197453"]
[WhiteElo "2068"]
[BlackElo "2258"]
[Result "1-0"]
[Round "9"]
[TimeControl "180+1"]
[Date "2023.08.01"]
[WhiteClock "0:00:14"]
[BlackClock "0:00:03"]
[Board "175"]

1. e4 c5 2. Nf3 Nc6 3. d4 cxd4 4. Nxd4 Nf6 5. Nc3 d6 6. Be2 e6 7. O-O Be7 8. Kh1 O-O 9. Be3 Nxd4 10. Bxd4 d5 11. exd5 Nxd5 12. Bd3 Nf4 13. Be4 f5 14. Bf3 Ng6 15. Re1 Bd6 16. Qe2 e5 17. Bd5+ Kh8 18. Be3 e4 19. Rad1 Qh4 20. g3 Qh3 21. Bxe4 fxe4 22. Rxd6 Bg4 23. Qf1 Bf3+ 24. Kg1 Qg4 25. h3 Qf5 26. Rd5 Qe6 27. Bc5 Rf5 28. Rxf5 Qxf5 29. Be3 Rd8 30. Kh2 Qh5 31. Bxa7 Re8 32. Bd4 Qf5 33. Nd1 Qh5 34. Ne3 Ne7 35. g4 Qh6 36. Be5 Ng6 37. Bg3 Nf4 38. Nf5 Qg5 39. Qb5 Nxh3 40. Kxh3 Qxg4+ 41. Kh2 Qh5+ 42. Bh4 g6 43. Qxe8# 1-0


[Site "https://www.chess.com"]

[Event "Titled Tuesday Blitz August 1 Early 2023"]
[White "Clawitter, Craig"]
[Black "Lohani, Sujana"]
[WhiteFideId "2023105"]
[BlackFideId "12311987"]
[WhiteElo "2239"]
[BlackElo "1957"]
[Result "1/2-1/2"]
[Round "9"]
[TimeControl "180+1"]
[Date "2023.08.01"]
[WhiteClock "0:00:05"]
[BlackClock "0:00:45"]
[Board "176"]

1. e4 c6 2. d4 d5 3. e5 Bf5 4. Nf3 e6 5. Be2 c5 6. Be3 cxd4 7. Nxd4 Bg6 8. Nd2 Ne7 9. O-O Nec6 10. N2f3 Be7 11. c4 O-O 12. cxd5 Qxd5 13. Nxc6 Nxc6 14. Qxd5 exd5 15. Rfd1 Rfd8 16. a3 Rd7 17. b4 a6 18. Rac1 Rad8 19. Bxa6 Nxb4 20. Bb5 Na2 21. Bxd7 Nxc1 22. Rxd5 Bxa3 23. e6 Kf8 24. Ne5 Ne2+ 25. Kf1 Nc3 26. Nxg6+ hxg6 27. Bc5+ Bxc5 28. Rxc5 Ne4 29. Rc8 Rxc8 30. Bxc8 b5 31. exf7 b4 32. Be6 b3 33. Bxb3 Nd2+ 34. Ke2 Nxb3 35. Ke3 Kxf7 36. Kf4 Nc5 37. h4 Kf6 38. g4 Ne6+ 39. Kg3 Nd4 40. f4 Ne2+ 41. Kf3 Nd4+ 42. Ke4 Ne6 43. f5 gxf5+ 44. gxf5 Nf8 45. Kf4 Nd7 46. Kg4 Kf7 47. Kg5 Nf6 48. h5 Ne4+ 49. Kf4 Nd6 50. Kg5 Nc4 51. h6 gxh6+ 52. Kxh6 Kf6 53. Kh5 Kxf5 1/2-1/2


[Site "https://www.chess.com"]

[Event "Titled Tuesday Blitz August 1 Early 2023"]
[White "campochess"]
[Black "Lakshmi C"]
[BlackFideId "25035347"]
[WhiteElo "2198"]
[BlackElo "2074"]
[Result "1-0"]
[Round "9"]
[TimeControl "180+1"]
[Date "2023.08.01"]
[WhiteClock "0:00:46"]
[BlackClock "0:00:00"]
[Board "177"]

1. d4 Nf6 2. Bg5 e6 3. Bxf6 Qxf6 4. Nf3 d5 5. Nbd2 c6 6. e4 dxe4 7. Nxe4 Qd8 8. Bd3 Nd7 9. Qe2 Nf6 10. Nxf6+ Qxf6 11. c3 Bd6 12. h4 h6 13. g4 Qf4 14. Ne5 Bd7 15. Nc4 Bc7 16. Qe4 Qf6 17. Ne3 O-O-O 18. O-O-O Bf4 19. Kb1 g5 20. Ng2 Bc7 21. hxg5 hxg5 22. Ne3 Qxf2 23. Rhf1 Qg3 24. Rf3 Qh2 25. Rxf7 Bf4 26. Nc2 Qf2 27. Qe2 Qg3 28. Qe1 1-0


[Site "https://www.chess.com"]

[Event "Titled Tuesday Blitz August 1 Early 2023"]
[White "Filgueira, Hernan"]
[Black "Goughfather"]
[WhiteFideId "101770"]
[WhiteElo "2561"]
[BlackElo "2088"]
[Result "1-0"]
[Round "9"]
[TimeControl "180+1"]
[Date "2023.08.01"]
[WhiteClock "0:01:03"]
[BlackClock "0:00:00"]
[Board "178"]

1. e4 c6 2. Nc3 d5 3. Nf3 Nf6 4. e5 Ne4 5. Ne2 Qb6 6. d4 Bg4 7. h3 Bh5 8. g4 Bg6 9. h4 h5 10. Nf4 hxg4 11. Nxg6 fxg6 12. Ng5 Nxg5 13. Bxg5 Qxb2 14. Bd3 Nd7 15. Bxg6+ Kd8 16. Rb1 Qc3+ 17. Qd2 Qxd2+ 18. Kxd2 Nb6 19. Bd3 Kd7 20. a4 Rb8 21. e6+ Kxe6 22. Bf4 Re8 23. Rhe1+ Kf7 24. Rh1 e6 25. h5 1-0


[Site "https://www.chess.com"]

[Event "Titled Tuesday Blitz August 1 Early 2023"]
[White "Pein, Jonathan"]
[Black "Kriti Mayur Patel"]
[WhiteFideId "417092"]
[BlackFideId "35061780"]
[WhiteElo "2432"]
[BlackElo "2033"]
[Result "0-1"]
[Round "9"]
[TimeControl "180+1"]
[Date "2023.08.01"]
[WhiteClock "0:00:00"]
[BlackClock "0:01:15"]
[Board "179"]

1. b3 d5 2. Bb2 c5 3. Nf3 Nc6 4. e3 f6 5. Bb5 Bd7 6. d4 e6 7. c4 b6 8. cxd5 exd5 9. dxc5 Bxc5 10. Qxd5 Nge7 11. Qh5+ g6 12. Qh6 Nf5 13. Qf4 Ne5 14. Nxe5 Bxb5 15. Ng4 Be7 16. Nd2 O-O 17. Nh6+ Nxh6 18. Qxh6 Bb4 19. Rd1 Qd3 20. Qh5 gxh5 0-1


[Site "https://www.chess.com"]

[Event "Titled Tuesday Blitz August 1 Early 2023"]
[White "Osiecki, Stanislaw"]
[Black "Akylbek2021"]
[WhiteFideId "1102990"]
[WhiteElo "2007"]
[BlackElo "2311"]
[Result "0-1"]
[Round "9"]
[TimeControl "180+1"]
[Date "2023.08.01"]
[WhiteClock "0:00:44"]
[BlackClock "0:01:33"]
[Board "180"]

1. e4 Nc6 2. d4 e5 3. c3 Nf6 4. d5 Ne7 5. Bd3 Ng6 6. Ne2 Bc5 7. O-O d6 8. b4 Bb6 9. a4 a5 10. h3 h6 11. Be3 O-O 12. Bxb6 cxb6 13. Nd2 Nh5 14. Kh2 Nhf4 15. Nxf4 Nxf4 16. Qf3 Qg5 17. Ra2 Bd7 18. b5 Rac8 19. Bb1 Rxc3 20. Rg1 Rxf3 21. Nxf3 Qe7 22. Rc2 Rc8 23. Rgc1 Rxc2 24. Rxc2 Qg5 25. g3 Qh5 26. gxf4 Qxh3+ 27. Kg1 Qxf3 28. Rc7 Bh3 0-1


[Site "https://www.chess.com"]

[Event "Titled Tuesday Blitz August 1 Early 2023"]
[White "Wisniowski, Natalie"]
[Black "Kuchava, Ana"]
[WhiteFideId "30929261"]
[BlackFideId "13605348"]
[WhiteElo "1997"]
[BlackElo "2191"]
[Result "1-0"]
[Round "9"]
[TimeControl "180+1"]
[Date "2023.08.01"]
[WhiteClock "0:00:44"]
[BlackClock "0:00:49"]
[Board "181"]

1. e4 c5 2. d4 cxd4 3. c3 Nf6 4. e5 Nd5 5. Nf3 Nc6 6. cxd4 d6 7. Bc4 Nb6 8. Bb5 d5 9. O-O Bg4 10. h3 Bxf3 11. Qxf3 e6 12. Nc3 Be7 13. Qg3 Kf8 14. Be3 a6 15. Be2 Nc4 16. Bxc4 dxc4 17. Rad1 Nb4 18. Qf3 b5 19. d5 exd5 20. Nxd5 Nd3 21. Nxe7 Qxe7 22. Qxa8+ Qe8 23. Bc5+ Nxc5 24. Rd8 Ke7 25. Rxe8+ Rxe8 26. Qa7+ Nd7 27. Rd1 Rd8 28. Qxa6 Nxe5 29. Rxd8 Kxd8 30. Qd6+ Nd7 31. Qd5 1-0


[Site "https://www.chess.com"]

[Event "Titled Tuesday Blitz August 1 Early 2023"]
[White "Navyblue1"]
[Black "Cardenas Carbajal, Nilson"]
[BlackFideId "8401128"]
[WhiteElo "1929"]
[BlackElo "2134"]
[Result "0-1"]
[Round "9"]
[TimeControl "180+1"]
[Date "2023.08.01"]
[WhiteClock "0:00:00"]
[BlackClock "0:00:24"]
[Board "182"]

1. d4 d5 2. c4 e6 3. Nc3 Nf6 4. cxd5 exd5 5. Bg5 c6 6. Qc2 Be7 7. e3 O-O 8. Bd3 h6 9. Bh4 Re8 10. Nge2 Ne4 11. Bxe7 Qxe7 12. O-O Bf5 13. Rae1 Nd7 14. f3 Nxc3 15. Nxc3 Bxd3 16. Qxd3 Qg5 17. e4 dxe4 18. fxe4 Rad8 19. Qf3 Re7 20. Rd1 Nf6 21. e5 Nd5 22. Ne4 Qe3+ 23. Kh1 Qxf3 24. Rxf3 b6 25. Kg1 Nb4 26. a3 Nd5 27. Kf2 f6 28. Rc1 fxe5 29. dxe5 c5 30. Nc3 Nxc3 31. Rcxc3 Rxe5 32. Rc2 Rf8 33. Rxf8+ Kxf8 34. Rd2 Ke7 35. Rc2 g5 36. b4 Kd6 37. bxc5+ bxc5 38. Rb2 Kd5 39. Rb7 a5 40. Ra7 Kc4 41. Rxa5 Kb3 42. Ra8 c4 43. a4 c3 0-1


[Site "https://www.chess.com"]

[Event "Titled Tuesday Blitz August 1 Early 2023"]
[White "Larina, Maria"]
[Black "Bocangel Chavez, Marjoire J."]
[WhiteFideId "24113182"]
[BlackFideId "3810500"]
[WhiteElo "2114"]
[BlackElo "1652"]
[Result "0-1"]
[Round "9"]
[TimeControl "180+1"]
[Date "2023.08.01"]
[WhiteClock "0:00:07"]
[BlackClock "0:00:07"]
[Board "183"]

1. e4 e6 2. d4 d5 3. Nc3 Bb4 4. exd5 exd5 5. Bd3 Ne7 6. Qh5 Nbc6 7. Nf3 g6 8. Qh6 Bf5 9. Qg7 Rg8 10. Qxh7 Bxd3 11. cxd3 Qd6 12. O-O O-O-O 13. Qh4 Nf5 14. Qg4 Rh8 15. h3 Kb8 16. a3 Ba5 17. Nb5 Qf8 18. Bf4 Bb6 19. Rfc1 a6 20. Nc3 Ncxd4 21. Nxd4 Rh4 22. Qf3 Nxd4 23. Qg3 Rxf4 24. Qxf4 Nb3 25. Na4 Nxc1 26. Rxc1 Qd6 27. Qh4 Rf8 28. Nxb6 Qxb6 29. b4 Qd6 30. Qg4 f5 31. Qf3 g5 32. d4 f4 33. Qg4 Qf6 34. Qd7 c6 35. Re1 Rd8 36. Qg4 Ka7 37. Re5 Rg8 38. Qe2 Rg7 39. Qc2 Qd6 40. Qc3 Re7 41. f3 Rxe5 42. dxe5 Qe6 43. Qd4+ b6 44. Kf2 Kb7 45. a4 Kc7 46. a5 bxa5 47. bxa5 Kd7 48. Qa7+ Ke8 49. Qb8+ Kf7 50. Qc7+ Kg6 51. Qd6 Kf5 52. Qf8+ Kg6 53. Qd8 Kf5 54. Qc7 Qxe5 55. Qxc6 Qd4+ 56. Ke2 Qe3+ 57. Kd1 Qd3+ 58. Ke1 Qe3+ 59. Kd1 Qd3+ 60. Kc1 Qc4+ 61. Qxc4 dxc4 62. Kd2 Ke5 63. Kc3 Kd5 64. Kc2 Kd4 65. Kd2 c3+ 66. Kc2 Kc4 67. Kc1 Kd3 68. Kd1 Ke3 69. Ke1 c2 70. Kf1 c1=Q# 0-1


[Site "https://www.chess.com"]

[Event "Titled Tuesday Blitz August 1 Early 2023"]
[White "Megaranto, Susanto"]
[Black "Carlsen, Magnus"]
[WhiteFideId "7101384"]
[BlackFideId "1503014"]
[WhiteElo "2991"]
[BlackElo "3257"]
[Result "1/2-1/2"]
[Round "10"]
[TimeControl "180+1"]
[Date "2023.08.01"]
[WhiteClock "0:00:04"]
[BlackClock "0:00:27"]
[Board "1"]

1. e4 c5 2. c3 d5 3. exd5 Nf6 4. d4 Nxd5 5. Nf3 cxd4 6. cxd4 Nc6 7. Nc3 a6 8. Bc4 Be6 9. Bb3 Nxc3 10. bxc3 Bxb3 11. axb3 e6 12. O-O Be7 13. Bf4 O-O 14. Ne5 Rc8 15. Qf3 Nxe5 16. Bxe5 Qd5 17. Qxd5 exd5 18. Rfc1 Rc6 19. c4 f6 20. Bf4 Bb4 21. cxd5 Rxc1+ 22. Rxc1 Rd8 23. Rc7 Rxd5 24. Rxb7 Rxd4 25. g3 a5 26. Rb5 Kf7 27. Bc7 Rd1+ 28. Kg2 Ra1 29. Bb6 Ra3 30. g4 Ke6 31. Bd8 Kd7 32. Rb8 Kc6 33. h4 Kd7 34. h5 Bc3 35. Ra8 g6 36. h6 Rxb3 37. Bxa5 Ra3 38. Ra7+ Ke6 39. Bb6 Rxa7 40. Bxa7 Bd2 41. Bd4 Bxh6 42. f3 Bf4 43. Bc5 Kd5 44. Be7 Be5 45. Bd8 Kc4 46. Be7 Kd3 47. Bd8 Ke2 48. Be7 f5 49. gxf5 gxf5 50. Bg5 h5 51. Bh4 Bd4 52. Bg5 Bf2 53. Bf4 h4 54. Be5 h3+ 55. Kxh3 Kxf3 56. Kh2 Be3 57. Kh1 Bf4 58. Bc3 Ke2 59. Bf6 Bd6 60. Bg5 Bc5 61. Kg2 Be3 62. Bh4 f4 63. Bg3 f3+ 64. Kh3 Bd2 65. Kg4 Be1 66. Bxe1 Ke3 67. Bg3 Ke2 68. Bh4 Ke3 69. Bg3 Ke4 70. Bf2 Kd3 71. Kg3 Kd2 72. Kxf3 1/2-1/2


[Site "https://www.chess.com"]

[Event "Titled Tuesday Blitz August 1 Early 2023"]
[White "Firouzja, Alireza"]
[Black "Kamsky, Gata"]
[WhiteFideId "12573981"]
[BlackFideId "2000024"]
[WhiteElo "3079"]
[BlackElo "3008"]
[Result "1/2-1/2"]
[Round "10"]
[TimeControl "180+1"]
[Date "2023.08.01"]
[WhiteClock "0:00:09"]
[BlackClock "0:00:09"]
[Board "2"]

1. e4 c5 2. Nf3 e6 3. d4 cxd4 4. Nxd4 Nc6 5. Nc3 Qc7 6. g4 a6 7. g5 b5 8. Nxc6 Qxc6 9. Bg2 Bb7 10. O-O h6 11. gxh6 Nxh6 12. Re1 Bc5 13. Bf4 f6 14. a4 b4 15. Nd5 Kf8 16. Ne3 Nf7 17. Qd2 Rd8 18. Nc4 e5 19. Na5 Qb6 20. Nxb7 Qxb7 21. Be3 d6 22. Rad1 Ke7 23. Qe2 Qb6 24. Qg4 g5 25. Bh3 Kf8 26. Qe6 Kg7 27. Bf5 Qc7 28. Rd2 Rh4 29. Qc4 Bb6 30. Qxc7 Bxc7 31. f3 Rb8 32. Kg2 Bb6 33. Be6 Rhh8 34. Bxf7 Kxf7 35. Rxd6 Bxe3 36. Rxe3 Rhc8 37. Re2 a5 38. Kg3 Rc5 39. Kg4 Kg6 40. h4 gxh4 41. Kxh4 Rh8+ 42. Kg4 Rhc8 43. Rdd2 Rc4 44. Kg3 Kf7 45. Rh2 Ke6 46. Rh7 R4c7 47. Rxc7 Rxc7 48. b3 Rc3 49. Kg4 Rc5 50. Rh2 Rc8 51. Rd2 Rc5 52. Kg3 Rc3 53. Rd5 Rxc2 54. Rxa5 Rc3 55. Ra6+ Kf7 56. Kg4 Kg6 57. Rb6 Rxb3 58. a5 Ra3 59. f4 exf4 60. a6 b3 61. e5 b2 62. Rxf6+ Kg7 63. Rb6 Rxa6 64. Rxb2 Kf7 65. Kf5 f3 66. Rb7+ Ke8 67. Rb3 f2 68. Rf3 Ke7 69. Rxf2 Rh6 70. Ra2 Rh5+ 71. Ke4 Rh1 72. Ra7+ Ke6 73. Ra6+ Ke7 74. Ra2 Ke6 75. Ra6+ Ke7 76. Kd5 Rd1+ 77. Ke4 Re1+ 78. Kf5 Rf1+ 79. Ke4 Re1+ 80. Kf5 Rf1+ 81. Ke4 Re1+ 1/2-1/2


[Site "https://www.chess.com"]

[Event "Titled Tuesday Blitz August 1 Early 2023"]
[White "Andreikin, Dmitry"]
[Black "Pichot, Alan"]
[WhiteFideId "4158814"]
[BlackFideId "110973"]
[WhiteElo "3055"]
[BlackElo "2845"]
[Result "1-0"]
[Round "10"]
[TimeControl "180+1"]
[Date "2023.08.01"]
[WhiteClock "0:01:18"]
[BlackClock "0:00:49"]
[Board "3"]

1. d4 Nf6 2. c4 e6 3. Nf3 d5 4. Bg5 h6 5. Bxf6 Qxf6 6. e3 c6 7. Nbd2 Nd7 8. Bd3 g5 9. O-O g4 10. Ne1 h5 11. f4 Bd6 12. c5 Bc7 13. b4 a6 14. Bc2 Qg7 15. Nd3 f5 16. a4 Nf6 17. Ne5 h4 18. b5 a5 19. Bd3 Nd7 20. bxc6 Nxe5 21. cxb7 Bxb7 22. fxe5 Bd8 23. Rb1 Bg5 24. Qe2 O-O 25. Rb6 Bc8 26. Kh1 Ra7 27. Nb1 Raf7 28. Nc3 f4 29. Qxg4 fxe3 30. Rxf7 Rxf7 31. Rb8 1-0


[Site "https://www.chess.com"]

[Event "Titled Tuesday Blitz August 1 Early 2023"]
[White "Xu, Xiangyu"]
[Black "Demidov, Mikhail"]
[WhiteFideId "8608288"]
[BlackFideId "4197143"]
[WhiteElo "3010"]
[BlackElo "2938"]
[Result "1-0"]
[Round "10"]
[TimeControl "180+1"]
[Date "2023.08.01"]
[WhiteClock "0:00:21"]
[BlackClock "0:00:00"]
[Board "4"]

1. d4 g6 2. e4 Bg7 3. Nc3 d6 4. Be3 a6 5. Qd2 b5 6. f3 Bb7 7. h4 h6 8. Nh3 Nd7 9. a4 b4 10. Ne2 a5 11. h5 g5 12. Ng3 e6 13. Bc4 Ngf6 14. O-O-O Nb6 15. Bb3 Nfd7 16. Qe2 Qf6 17. f4 gxf4 18. Nxf4 O-O-O 19. Rhf1 Qe7 20. Qb5 e5 21. Nfe2 exd4 22. Nxd4 Qe5 23. Ngf5 Qxb5 24. Nxb5 Be5 25. Ne7+ Kb8 26. Rxf7 Bxe4 27. Ng6 Rhg8 28. Bxb6 Nxb6 29. Rxc7 Bxg6 30. Bxg8 Bxh5 31. Bh7 Bf4+ 32. Kb1 Bxd1 33. Rc6 Nxa4 34. Be4 d5 35. Bf5 Kb7 36. Rf6 Be5 37. Re6 Bf4 38. Nd4 Nc5 39. Re1 Ne4 40. Rxd1 Kb6 41. Ne6 Nf2 42. Rf1 1-0


[Site "https://www.chess.com"]

[Event "Titled Tuesday Blitz August 1 Early 2023"]
[White "Nguyen, Ngoc Truong Son"]
[Black "Shimanov, Aleksandr"]
[WhiteFideId "12401110"]
[BlackFideId "4198603"]
[WhiteElo "2914"]
[BlackElo "2963"]
[Result "1-0"]
[Round "10"]
[TimeControl "180+1"]
[Date "2023.08.01"]
[WhiteClock "0:00:43"]
[BlackClock "0:00:00"]
[Board "5"]

1. d4 Nf6 2. c4 e6 3. Nf3 d5 4. Nc3 c5 5. cxd5 Nxd5 6. e4 Nxc3 7. bxc3 cxd4 8. cxd4 Bb4+ 9. Bd2 Bxd2+ 10. Qxd2 O-O 11. Bc4 b5 12. Bxb5 Bb7 13. Bd3 Nc6 14. Rb1 Rb8 15. Qc3 Rc8 16. O-O Ne5 17. Qd2 Nxf3+ 18. gxf3 Rc7 19. Qe3 Rd7 20. Rfd1 Ba8 21. Bf1 Qe7 22. a4 Rfd8 23. a5 g6 24. a6 Rd6 25. Rb2 Qd7 26. Rc2 Qe7 27. Rdc1 R6d7 28. Rc8 Kg7 29. Qf4 Rxd4 30. R1c7 Qe8 31. Rxa8 e5 32. Rxd8 1-0


[Site "https://www.chess.com"]